 Dungeon Crawl Stone Soup version 0.26.1-11-gd32895ea62 (webtiles) character file.

Game seed: 10087164866275089022

117 Almogavar the Conjurer (level 5, -2/28 HPs)
             Began as a Kobold Conjurer on May 21, 2021.
             Was an Initiate of Sif Muna.
             Killed from afar by an orc wizard (6 damage)
             ... with a magic dart
             ... on level 3 of the Dungeon.
             The game lasted 00:10:47 (3235 turns).

Almogavar the Conjurer (Kobold Conjurer)            Turns: 3235, Time: 00:10:48

Health: -2/28      AC:  4    Str:  4 (6)  XL:     5   Next: 22%
Magic:  1/9        EV: 15    Int: 20 (21) God:    Sif Muna [......]
Gold:   125        SH:  0    Dex: 11 (13) Spells: 6/9 levels left

rFire    . . .     SeeInvis .   v - +1 dagger (speed)
rCold    . . .     Faith    .   (shield restricted)
rNeg     . . .     Spirit   .   a - +0 robe
rPois    .         Reflect  .   (helmet restricted)
rElec    .         Harm     .   h - +0 cloak
rCorr    .         Rampage  .   d - +0 pair of gloves
Will     .....     Rnd*Rage +   (no boots)
Stlth    +++.......             (no amulet)
HPRegen  0.09/turn              (no ring)
MPRegen  0.11/turn              (no ring)

@: invisible
A: small, antennae 1, berserk 1, nightstalker 3, strong 1
a: Renounce Religion


You were on level 3 of the Dungeon.
You worshipped Sif Muna.
Sif Muna was noncommittal.
You visited 1 branch of the dungeon, and saw 3 of its levels.

You collected 125 gold pieces.

Inventory:

Hand Weapons
 v - a +1 dagger of speed (weapon)
Armour
 a - a +0 robe (worn)
 d - a +0 pair of gloves (worn)
 h - a +0 cloak (worn)
 s - a +0 buckler
 u - a +0 leather armour
Wands
 k - a wand of random effects (13)
 r - a wand of iceblast (5)
Scrolls
 b - 3 scrolls of teleportation
 c - a scroll of identify {unknown}
 g - a scroll of enchant armour {unknown}
 j - a scroll of noise {unknown}
 m - a scroll of amnesia {unknown}
 o - 2 scrolls of magic mapping
 p - a scroll of fog {unknown}
 q - 2 scrolls of remove curse {unknown}
 t - 2 scrolls of fear {unknown}
Potions
 n - a potion of degeneration


   Skills:
 + Level 2.7 Dodging
 + Level 3.5 Stealth
 + Level 2.8 Spellcasting
 + Level 5.5 Conjurations


You had 6 spell levels left.
You knew the following spells:

 Your Spells              Type           Power        Failure   Level
a - Magic Dart            Conj           96%          1%          1
b - Searing Ray           Conj           48%          2%          2

Your spell library contained the following spells:

 Spells                   Type           Power        Failure   Level
 Dazzling Flash           Conj/Hex       26%          14%         3
 Fulminant Prism          Conj/Hex       6%           43%         4
 Iskenderun's Mystic Bla  Conj/Tloc      13%          43%         4


Dungeon Overview and Level Annotations

Branches:
Dungeon (3/15)

Altars:
Fedhas
Gozag
Makhleb
Sif Muna
Xom
Yredelemnul


Innate Abilities, Weirdness & Mutations

You are small and have problems with some larger weapons.
You are completely attuned to the shadows.
You have a pair of small antennae on your head.
You tend to lose your temper in combat.
Your muscles are strong. (Str +2)


Message History

You hit the orc wizard but do no damage.
The orc wizard is almost dead.
The orc wizard hits you with a +0 dagger.
* * * LOW HITPOINT WARNING * * *
The jackal bites you.
* * * LOW HITPOINT WARNING * * *
The orc wizard hits you but does no damage.
Unknown command.
It was a potion of cancellation.
You feel magically purged. The orc wizard misses you.
The jackal completely misses you. The orc wizard misses you.
The orc wizard gestures at you while chanting.
The magic dart hits you.
* * * LOW HITPOINT WARNING * * *
It was a potion of invisibility.
You fade into invisibility!
The jackal barely misses you.
The orc wizard gestures at you while chanting.
The magic dart hits you.
You die...

###...#.# ......
#....##.# ...### .
##[#.## .#. .####..#<#
###### ...##.#..# #.....
#.##.#.## #..).. #......#
####..... #..##.###
##o..))...
##..##.##..#####@h##....o
††.....##.##...o.###†....
####..###....##### #...^.
#..####..### ######
#...##.......
#.#....###### #.##>...#
#. #....# #....#


You could see 2 orc wizards and a jackal.

Vanquished Creatures
  4 adders
  An ooze (D:2)
  A worm (D:2)
  2 dart slugs
  A leopard gecko (D:2)
  8 orcs (D:3)
  2 ball pythons
  7 bats
  2 giant cockroaches (D:1)
  6 goblins
  A hobgoblin (D:1)
  7 jackals (D:3)
  6 frilled lizards
  8 kobolds
  8 rats
64 creatures vanquished.

Notes
Turn   | Place    | Note
-------+----------+-------------------------------------------
     0 | D:1      | Almogavar the Kobold Conjurer began the quest for the Orb.
     0 | D:1      | Reached XP level 1. HP: 10/10 MP: 3/3
   224 | D:1      | Reached XP level 2. HP: 15/15 MP: 3/5
   227 | D:1      | Learned a level 2 spell: Searing Ray
  1027 | D:1      | Reached XP level 3. HP: 19/19 MP: 4/6
  1833 | D:2      | Reached skill level 5 in Conjurations
  1833 | D:2      | Reached XP level 4. HP: 24/24 MP: 3/7
  1970 | D:2      | Found a shimmering altar of Xom.
  1973 | D:2      | Found a burning altar of Makhleb.
  1974 | D:2      | Found a basalt altar of Yredelemnul.
  2372 | D:2      | Found an opulent altar of Gozag.
  2377 | D:2      | Found a shimmering blue altar of Sif Muna.
  2377 | D:2      | Found a blossoming altar of Fedhas.
  2381 | D:2      | Became a worshipper of Sif Muna the Loreminder
  2930 | D:3      | Reached XP level 5. HP: 26/28 MP: 2/9
  3231 | D:3      | Gained mutation: You tend to lose your temper in combat.
                  | [potion of mutation]
  3231 | D:3      | Gained mutation: Your muscles are strong. (Str +2) [potion
                  | of mutation]
  3231 | D:3      | Gained mutation: You have a pair of small antennae on your
                  | head. [potion of mutation]
  3235 | D:3      | Killed from afar by an orc wizard

Illustrated notes

Levels and vault maps discovered:
D:1:      dpeg_arrival_erosion, layout_basic, dk_noncrumbling_3
D:2:      layout_loops_cross, grunt_temple_overflow_open,
          minmay_misc_feat_square, minmay_indecisive_spiral
D:3:      layout_rooms, zin_treasury, uniq_jessica

Skill      XL: |  1  2  3 |
---------------+----------+-----
Stealth        | 3 |  3.5
Conjurations   | 5 |  5.5
Dodging        | |  2.7
Spellcasting   | |  2.8

Action                   |  1- 3 |  4- 6 || total
-------------------------+-------+-------++-------
Melee: Dagger            |       |    23 ||    23
 Cast: Magic Dart        |    26 |     8 ||    34
       Searing Ray       |    15 |    19 ||    34
  Use: Scroll            |       |     2 ||     2
       Potion            |       |     5 ||     5
 Stab: Sleeping          |       |     1 ||     1
Armor: Robe              |     2 |     9 ||    11
Dodge: Dodged            |    11 |    35 ||    46
